 Dungeon Crawl Stone Soup version 0.30-a0-777-ga9a30cbeda (webtiles) character file.

Game seed: 12276457365662102477

82 mopl the Insei (level 4, 0/32 HPs)
             Began as a Djinni Transmuter on Feb 13, 2023.
             Was an Initiate of Gozag.
             Slain by Natasha (3 damage)
             ... on level 2 of the Dungeon.
             The game lasted 00:02:22 (1246 turns).

mopl the Insei (Djinni Transmuter)                  Turns: 1246, Time: 00:02:22

Health: 0/32       AC:  3    Str: 11    XL:     4   Next: 70%
Gold:   248        EV: 12    Int: 14    God:    Gozag SH:  0 Dex: 14

rFire   + + .      SeeInvis .      - Unarmed
rCold   x . .      Faith    .    (no shield)
rNeg    + . .      Spirit   .    d - +1 robe {rN+}
rPois   ∞          Reflect  .    (helmet currently unavailable)
rElec   .          Harm     .    (no cloak)
rCorr   .          Rampage  .    (no gloves)
Will    .....                    (boots unavailable)
Stlth   +                        (no amulet)
HPRegen 0.25/turn                (no ring)
MPRegen 0.00/turn                (no ring)

@: appendages (expiring), gold aura, flying, very slightly contaminated
A: horns 2, flying, sickness immunity, fire resistance 2, cold vulnerability 1,
float, innate caster, HP casting, extra vitality 1
a: End Transformation, Renounce Religion, Potion Petition, Call Merchant, Bribe
Branch


You were on level 2 of the Dungeon.
You worshipped Gozag.
Gozag was aware of your devotion.
You had temporarily grown beastly horns.
You visited 1 branch of the dungeon, and saw 2 of its levels.

You collected 248 gold pieces.

Inventory:

Armour
 d - a +1 robe of positive energy (worn)
 f - a +0 helmet (melded)
Scrolls
 e - a scroll of immolation {unknown}
 g - a scroll of vulnerability {unknown}
Potions
 a - a potion of cancellation {unknown}
 b - a potion of lignification {!q}
 c - a potion of flight {unknown}


   Skills:
 - Level 1.0 Fighting
 - Level 2.1 Dodging
 * Level 4.5 Unarmed Combat
 + Level 2.3 Spellcasting


You couldn't memorise any spells.
You knew the following spells:

 Your Spells              Type           Power      Damage    Failure   Level
a - Beastly Appendage     Tmut           16%        N/A       9%          1
b - Spider Form           Tmut/Pois      8%         N/A       26%         3
d - Ice Form              Ice/Tmut       8%         N/A       65%         4
e - Freeze                Ice            32%        1d5       9%          1
w - Wereblood             Tmut           8%         N/A       14%         2
Your spell library was empty.

Dungeon Overview and Level Annotations

Branches:
Dungeon (2/15)

Altars:
Gozag

Annotations:
D:2 Natasha


Innate Abilities, Weirdness & Mutations

You have temporarily grown beastly horns.
You are flying.
You are immune to sickness and miasma.
You are immune to poison.
Your flesh is very heat resistant. (rF++)
You are vulnerable to cold. (rC-)
You float through the air rather than walking.
You learn spells naturally, not from books.
Your magical power is your life essence.
You have superior vitality. (+4 MHP)


Message History

The adder is severely wounded.
The adder barely misses you.
You punch the adder!
You kill the adder!
Natasha stares at you and mumbles some strange words.
You resist with some effort.
Casting: Beastly Appendage (safe; 9% risk of failure)
Confirm with . or Enter, or press ? or * to list all spells.
You miscast Beastly Appendage.
You are very lightly contaminated with residual magic.
Nothing appears to happen.
Natasha howls an incantation.
You feel troubled.
You barely miss Natasha. Natasha casts a spell at you. The magic dart hits you!
You hit Natasha.
Natasha is lightly wounded.
Natasha claws you.
You barely miss Natasha. Your headbutt misses Natasha.
Natasha is lightly wounded.
Natasha completely misses you.
Casting: Beastly Appendage (safe; 9% risk of failure)
Confirm with . or Enter, or press ? or * to list all spells.
You extend your transformation's duration.
Your transformation is almost over.
Natasha claws you.
You closely miss Natasha.
Natasha is lightly wounded.
Natasha casts a spell at you. The magic dart hits you!
* * * LOW HITPOINT WARNING * * *
You barely miss Natasha.
Natasha is lightly wounded.
Natasha claws you but does no damage.
You barely miss Natasha. Your headbutt misses Natasha.
Natasha is lightly wounded.
Natasha claws you.
You die...
Your body crumbles into a pile of gold.

#. #. #. ######.
....... .......
.......#############
#5h@$.........#
#.###########.#
#.......# #.#
#.#####.#####.#
#......>......#
#######<####### #.#
### #.# ##### #..
##.###...####..


You could see an iron imp (summoned) and Natasha.

Vanquished Creatures
  5 adders (D:2)
  2 endoplasms
  2 goblins (D:1)
  4 hobgoblins (D:1)
  3 jackals (D:2)
  4 quokkas
  2 ball pythons
  9 bats
  A frilled lizard (D:1)
  3 rats (D:2)
35 creatures vanquished.

Notes
Turn   | Place    | Note
-------+----------+-------------------------------------------
     0 | D:1      | mopl the Djinni Transmuter began the quest for the Orb.
     0 | D:1      | mopl set off with the following spells memorised: Beastly
                  | Appendage, Wereblood, Spider Form, Ice Form.
     0 | D:1      | Reached XP level 1. HP: 17/17 MP: 0/0
   108 | D:1      | Found a faded altar of an unknown god.
   116 | D:1      | Reached XP level 2. HP: 15/22 MP: 0/0
   135 | D:1      | Prayed at the altar of an unknown god.
   135 | D:1      | Became a worshipper of Gozag Ym Sagoz the Greedy
   490 | D:1      | Reached XP level 3. HP: 27/27 MP: 0/0
   490 | D:1      | Learned a level 1 spell: Freeze
   722 | D:2      | Reached skill level 2 in Spellcasting
   773 | D:2      | Reached skill level 4 in Unarmed Combat
  1075 | D:2      | Reached XP level 4. HP: 25/32 MP: 0/0
  1229 | D:2      | Noticed Natasha
  1246 | D:2      | Slain by Natasha

Illustrated notes

Levels and vault maps discovered:
D:1:      amcnicky_arrival_underground_garden, layout_rooms,
          chequers_ecumenical_altar_island
D:2:      layout_loops_ring, uniq_natasha, uniq_terence

Skill      XL: |  1  2  3 |
---------------+----------+-----
Spellcasting   | 2 |  2.3
Unarmed Combat | 4 |  4.5
Fighting       | |  1.0
Dodging        | |  2.1

Action                     |  1- 3 |  4- 6 || total
---------------------------+-------+-------++-------
  Melee: Unarmed           |   133 |    21 ||   154
         Headbutt          |    12 |     1 ||    13
         Punch             |     1 |       ||     1
   Cast: Beastly Appendage |    19 |     2 ||    21
   Stab: Distracted        |       |     1 ||     1
 Armour: Robe              |    35 |     4 ||    39
  Dodge: Dodged            |   101 |    11 ||   112

Table legend: (Time is in decaauts)
 A = Elapsed time spent in this place.
 B = Non-inter-level travel time spent in this place.
 C = Inter-level travel time spent in this place.
 D = Time resting spent in this place.
 E = Time spent auto-exploring this place.
 F = Levels seen in this place.
 G = Mean time per level.
                   A        B        C        D        E       F      G
               +--------+--------+--------+--------+--------+-----+--------+
         Total |   1234 |   1216 |     18 |    321 |    545 |   2 |  617.0 |
       Dungeon |   1234 |   1216 |     18 |    321 |    545 |   2 |  617.0 |
               +--------+--------+--------+--------+--------+-----+--------+

Top non-repeatable levels by time:
     D:1: 688 daAuts
     D:2: 545 daAuts
